 Dungeon Crawl Stone Soup version 0.32-a0-42-ga30500b4d3 (webtiles) character file.

Game seed: 4426011988814473769

47 atomiclemming the Trooper (level 3, -9/33 HPs)
             Began as a Draconian Berserker on Jan 25, 2024.
             Was a Believer of Trog.
             Mangled by Sigmund
             ... wielding a +1 heavy scythe
              (18 damage)
             ... on level 2 of the Dungeon on Jan 27, 2024.
             The game lasted 00:10:24 (1015 turns).

atomiclemming the Trooper (Draconian Berserker)     Turns: 1015, Time: 00:10:25

Health: -9/33      AC:  8    Str: 21    XL:     3   Next: 48%
Magic:  3/3        EV: 12    Int:  7    God:    Trog [**....]
Gold:   66         SH:  0    Dex: 10    Spells: 2/2 levels left

rFire   . . .        a - +0 mace
rCold   . . .        (no shield)
rNeg    . . .        (body armour unavailable)
rPois   .            b - +2 hat
rElec   .            (no cloak)
rCorr   .            d - +0 pair of gloves
SInv    .            (no boots)
Will    .....        (no amulet)
Stlth   +            (no ring)
HPRegen 0.25/turn    (no ring)
MPRegen 0.08/turn

%: no passive effects
@: weak-willed
A: AC +5, unfitting armour, cold-blooded
a: Renounce Religion, Berserk, Trog's Hand


You were on level 2 of the Dungeon.
You worshipped Trog.
Trog was pleased with you.
You visited 1 branch of the dungeon, and saw 2 of its levels.

You collected 66 gold pieces.

Inventory:

Hand Weapons
 a - a +0 mace (weapon)
Missiles
 e - 6 poisoned darts (quivered)
 f - 3 large rocks
Armour
 b - a +2 hat (worn)
 d - a +0 pair of gloves (worn)


   Skills:
 + Level 4.0 Fighting
 + Level 3.8 Maces & Flails
 + Level 2.9 Dodging
 + Level 0.1 Stealth


You had 2 spell levels left.
You didn't know any spells.
Your spell library contained the following spells:

 Spells                   Type           Power      Damage    Failure   Level
 Fugue of the Fallen      Necr           0%         N/A       80%         3
 Ozocubu's Armour         Ice            0%         N/A       80%         3
 Manifold Assault         Tloc           0%         N/A       99%         4


Dungeon Overview and Level Annotations

Branches:
Dungeon (2/15)

Altars:

Shops:
D:2 [(

Annotations:
D:2 Sigmund


Innate Abilities, Weirdness & Mutations

Your plain brown scales are hard. (AC +5)
You cannot fit into any form of body armour.
You are cold-blooded and may be slowed by cold attacks.


Message History

The endoplasm freezes you.
You are frozen.
You hit Sigmund.
Sigmund is heavily wounded.
The bat hits you but does no damage. x2
The endoplasm freezes you.
You are frozen.
* * * LOW HITPOINT WARNING * * *
Sigmund closely misses you.
Blink to where?
Press: ? - help, Dir - move target
As you read the scroll labelled XIMAOG QAUMOEJ, it crumbles to dust.
It was a scroll of blinking.
The bat hits you but does no damage. The bat barely misses you.
The bat hits you but does no damage.
You barely miss the bat. The bat closely misses you.
The bat closely misses you. The bat barely misses you.
You sock the bat!
You kill the bat!
Trog accepts your kill.
Sigmund flickers, as though insubstantial.
As you read the scroll labelled DOATWO ZOMABE, it crumbles to dust.
A wave of despondency washes over your surroundings.
It was a scroll of vulnerability.
Sigmund mumbles some strange words.
Sigmund flickers and vanishes!
Deactivating autopickup; reactivate with Ctrl-A.
As you read the scroll labelled GAVIUX NAT, it crumbles to dust.
You hear a loud clanging noise!
It was a scroll of noise.
The endoplasm freezes you.
You are frozen.
* * * LOW HITPOINT WARNING * * *
You hit the endoplasm.
You kill the endoplasm!
Trog accepts your kill. Something hits you!!
Ouch! That really hurt!
You die...

#### .. #..# #.#. .# #..#
#.#.## . #..# #.#..# . #.@#
#.##.# .# ## #..#
#.##.##.#... #..#
#.#........)
#..#####..).@.....?
#.....#####...∩...J...##.#.#.
#.. #....†.......##.#.#
#.....<............###..
#.#####.##...###.##.# ### #.#
#.##...# #.# .#


There were no monsters in sight!

Vanquished Creatures
  An adder (D:2)
  A ribbon worm (D:2)
  A dart slug (D:2)
  2 endoplasms
  A giant cockroach (D:1)
  4 hobgoblins (D:1)
  3 kobolds
  4 quokkas (D:1)
  3 ball pythons
  4 bats
  2 frilled lizards (D:1)
  3 goblins
  4 rats (D:1)
33 creatures vanquished.

Notes
Turn   | Place    | Note
-------+----------+-------------------------------------------
     0 | D:1      | atomiclemming the Draconian Berserker began the quest for
                  | the Orb.
     0 | D:1      | Reached XP level 1. HP: 19/19 MP: 1/1
   215 | D:1      | Reached XP level 2. HP: 25/26 MP: 2/2
   280 | D:1      | Upgraded the game from 0.32-a0-41-gec2d92a32c to
                  | 0.32-a0-42-ga30500b4d3
   818 | D:2      | Reached XP level 3. HP: 33/33 MP: 3/3
   847 | D:2      | Found Teoff's Antique Armour Shop.
   917 | D:2      | Reached ** piety under Trog
   949 | D:2      | Found Orphay's Antique Weapon Boutique.
   978 | D:2      | Reached skill level 4 in Fighting
   993 | D:2      | Noticed Sigmund
  1015 | D:2      | Mangled by Sigmund

Illustrated notes

Levels and vault maps discovered:
D:1:      mrwooster_arrival_arrow, layout_loops_cross, nrook_campfire
D:2:      layout_loops_ring, serial_shops, nicolae_book_shop_shelving,
          nicolae_shop_peninsula, nicolae_shop_pleasant_corner_grove, shop,
          minmay_distorted, uniq_sigmund

Skill      XL: |  1  2  3 |
---------------+----------+-----
Fighting       | 4 |  4.0
Maces & Flails | |  3.8
Dodging        | |  2.9
Stealth        | |  0.1

Action                     || total
---------------------------++-------
  Melee: Mace              ||   100
         Tailslap          ||     8
         Punch             ||     1
    Use: Scroll            ||     4
 Armour: Skin              ||    79
  Dodge: Dodged            ||   101

Table legend: (Time is in decaauts)
 A = Elapsed time spent in this place.
 B = Non-inter-level travel time spent in this place.
 C = Inter-level travel time spent in this place.
 D = Time resting spent in this place.
 E = Time spent auto-exploring this place.
 F = Levels seen in this place.
 G = Mean time per level.
                   A        B        C        D        E       F      G
               +--------+--------+--------+--------+--------+-----+--------+
         Total |   1037 |   1037 |      0 |      0 |      0 |   2 |  518.5 |
       Dungeon |   1037 |   1037 |      0 |      0 |      0 |   2 |  518.5 |
               +--------+--------+--------+--------+--------+-----+--------+

Top non-repeatable levels by time:
     D:1: 771 daAuts
     D:2: 266 daAuts
